 Dungeon Crawl Stone Soup version 0.19-a0-36-g4a0968a (webtiles) character file.

662 manon the Insei (level 7, 0/35 HPs)
             Began as a Vine Stalker Transmuter on May 3, 2016.
             Succumbed to a scorpion's poison
             ... on level 5 of the Dungeon.
             The game lasted 00:36:26 (3479 turns).

manon the Insei (Vine Stalker Transmuter)           Turns: 3479, Time: 00:36:27

Health: 0/35       AC:  4    Str: 14    XL:     7   Next: 56%
Magic:  0/11       EV: 12    Int: 13    God:
Gold:   194        SH:  0    Dex: 15    Spells: 3 memorised, 2 levels left

rFire  . . .     SeeInvis .       - Unarmed
rCold  . . .     Gourm    .     g - +0 leather armour
rNeg   . . .     Faith    .     (no shield)
rPois  .         Spirit   +     (no helmet)
rElec  .         Dismiss  .     n - +0 cloak
rCorr  .         Reflect  .     (no gloves)
SustAt .         Harm     .     (no boots)
MR     .....                    (no amulet)
Stlth  +.........               (no ring)
                                (no ring)

@: lethally poisoned (0 -> 0), about to teleport, not resistant to hostile
enchantments, very unstealthy
A: fangs 2, regeneration 2, magic shield, antimagic bite, no device heal 3, rot
immunity
a: no special abilities


You were on level 5 of the Dungeon.
You were not hungry.

You visited 1 branch of the dungeon, and saw 5 of its levels.

You collected 194 gold pieces.

Inventory:

Hand Weapons
 v - a +0 blowgun
Missiles
 a - 23 arrows
 w - 8 poisoned needles
Armour
 b - a +0 robe
 g - a +0 leather armour (worn)
 n - a +0 cloak (worn)
Magical Staves
 x - an uncursed staff of power
Jewellery
 B - an uncursed ring of flight {unknown}
Scrolls
 h - 3 scrolls of identify
 j - 2 scrolls of enchant armour
 m - a scroll of recharging {unknown}
 q - a scroll of magic mapping {unknown}
 s - a scroll of teleportation
 y - a scroll of fear {unknown}
Potions
 e - a potion of resistance {unknown}
 o - 2 potions of agility {unknown}
 p - a potion of lignification {unknown}
 r - 3 potions of curing {unknown}
 t - 2 potions of flight {unknown}
 u - 2 potions of brilliance {unknown}
 z - a potion of heal wounds {unknown}
Books
 c - a book of Changes

   Spells                             Type                      Level
   a - Beastly Appendage              Transmutation                1
   b - Sticks to Snakes               Transmutation                2
   c - Spider Form                    Transmutation/Poison         3
   d - Ice Form                       Ice/Transmutation            4
   e - Blade Hands                    Transmutation                5
Comestibles
 d - 8 bread rations
 f - 3 fruits
 i - 2 slices of pizza
 k - 3 meat rations
 l - a beef jerky
 A - 7 chunks of flesh


   Skills:
 * Level 2.8 Fighting
 * Level 2.7 Dodging
 + Level 6.2 Unarmed Combat
 - Level 2.1 Spellcasting
 + Level 4.3 Transmutations


You had 2 spell levels left.
You knew the following spells:

 Your Spells              Type           Power        Failure   Level  Hunger
a - Beastly Appendage     Trmt           ##....       8%          1    ##.....
b - Sticks to Snakes      Trmt           ##......     12%         2    ###....
c - Blade Hands           Trmt           ##........   98%         5    ######.


Dungeon Overview and Level Annotations

Branches:
Dungeon (5/15)
 Temple: D:4-7

Altars:


Innate Abilities, Weirdness & Mutations

You have extremely sharp teeth.
You heal very quickly.
When hurt, damage is shared between your health and your magic reserves.
Your bite disrupts and absorbs the magic of your enemies.
Potions and wands cannot restore your health.
You are immune to rotting.


Message History

As you read the scroll labeled PUYMIPS ICKAI, it crumbles to dust.
It is a scroll of identify.
Identify which item? (\ to view known items) (? for menu, Esc to quit)
j - 2 scrolls of enchant armour You feel sick.
The adder skeleton barely misses you. The scorpion barely misses you.
Read which item? (? for menu, Esc to quit)
As you read the scroll labeled VUULOILU ECOSH, it crumbles to dust.
You feel strangely unstable.
It was a scroll of teleportation.
You feel sick. The adder skeleton closely misses you. The scorpion stings you!
* * * LOW HITPOINT WARNING * * *
Casting: Beastly Appendage
Confirm with . or Enter, or press ? or * to list all spells.
You create a snake!
You now have 23 arrows.
The adder skeleton closely misses you. The adder skeleton bites you.
* * * LOW HITPOINT WARNING * * *
The scorpion barely misses you.
You barely miss the scorpion.
The scorpion is lightly wounded.
You die...

............ .#.#.#####
###..>....##############........#
..#.......#...#..#.....#........#
..'.......'...#..#.....#........#
..#.......#...#..#.....#........#
..#.......#...'..#.....'.....(..#
..#.......#...#..#.....#........#
###.......#.############........#
.####....##÷###.@###........#+###
.#..#)...#.....Zs.S#........'....
.'.))....#.........#........#....
.####....#.###†#####........#####
........##+###.##..#....##'######
........#..........#....#....#...
..).....#......†.Z.'....#....#...
........##########+#....#'##.##.#
...........................######


You could see a scorpion, an adder skeleton and a friendly adder.

Vanquished Creatures
  A water moccasin (D:5)
  A scorpion (D:5)
  A crimson imp (D:5)
  A hound (D:5)
  2 orc priests
  4 orc wizards
  2 iguanas
  2 worker ants (D:5)
  A howler monkey skeleton (D:5)
  5 adders
  An adder skeleton (D:5)
  3 worms
  2 dart slugs
  2 giant geckos
  5 orcs
  8 bats
  A giant cockroach (D:3)
  5 goblins
  17 hobgoblins
  12 jackals
  5 kobolds
  A quokka (D:4)
  3 ball pythons
  4 giant newts
  10 rats
99 creatures vanquished.

Vanquished Creatures (collateral kills)
  2 orc wizards
  An orc (D:5)
3 creatures vanquished.

Grand Total: 102 creatures vanquished

Notes
Turn   | Place    | Note
--------------------------------------------------------------
     0 | D:1      | manon the Vine Stalker Transmuter began the quest for the Orb.
     0 | D:1      | Reached XP level 1. HP: 9/9 MP: 4/4
   244 | D:1      | Reached XP level 2. HP: 14/14 MP: 6/6
   506 | D:1      | Reached XP level 3. HP: 16/17 MP: 4/7
   961 | D:2      | Reached skill level 4 in Unarmed Combat
  1458 | D:2      | Reached XP level 4. HP: 21/21 MP: 8/8
  1516 | D:2      | Learned a level 2 spell: Sticks to Snakes
  1724 | D:3      | Reached XP level 5. HP: 20/25 MP: 7/9
  1765 | D:3      | Reached skill level 5 in Unarmed Combat
  2279 | D:4      | Noticed an ogre
  2312 | D:4      | HP: 1/25 [ogre/giant spiked club (7)]
  2515 | D:4      | Learned a level 5 spell: Blade Hands
  2788 | D:4      | Gained mutation: You heal very quickly. [Vine Stalker growth]
  2788 | D:4      | Reached XP level 6. HP: 21/29 MP: 10/10
  2889 | D:4      | Noticed a phantom
  2941 | D:5      | Entered Level 5 of the Dungeon
  2971 | D:5      | Reached skill level 1 in Fighting
  2971 | D:5      | Reached skill level 6 in Unarmed Combat
  2979 | D:5      | Noticed a water moccasin
  3014 | D:5      | HP: 1/30 [water moccasin (3)]
  3015 | D:5      | Killed a water moccasin
  3015 | D:5      | Reached XP level 7. HP: 1/34 MP: 0/11
  3478 | D:5      | HP: 1/35 [adder skeleton (2)]
  3479 | D:5      | Succumbed to a scorpion's poison

Vault maps used:
D:1:      dpeg_arrival_tiny_k
D:3:      minmay_surrounded
D:4:      first_bread
D:5:      lemuel_ratsnest, st_stairs_8

Skill      XL: |  1  2  3  4  5  6  7 |
---------------+----------------------+-----
Unarmed Combat | 4 5 6 |  6.2
Transmutations | 3 4 |  4.3
Fighting       | 1 2 |  2.8
Dodging        | 2 |  2.7
Spellcasting   | |  2.1

Action                   |  1- 3 |  4- 6 |  7- 9 || total
-------------------------+-------+-------+-------++-------
Melee: Unarmed           |   134 |   163 |    63 ||   360
       Bite              |    32 |    33 |    14 ||    79
       Punch             |     2 |     6 |     2 ||    10
       Kick              |       |       |     6 ||     6
 Fire: Blowgun           |       |    15 |    10 ||    25
 Cast: Sticks to Snakes  |       |     7 |     3 ||    10
       Beastly Appendage |       |       |     2 ||     2
  Use: Scroll            |       |       |     2 ||     2
 Stab: Sleeping          |     5 |       |       ||     5
  Eat: Chunk             |     1 |     6 |     2 ||     9
Armor: Robe              |     4 |       |       ||     4
       Leather armour    |    18 |    34 |    17 ||    69
Dodge: Dodged            |    60 |    79 |    39 ||   178
